 Dungeon Crawl Stone Soup version 0.31-a0-344-gd109795599 (webtiles) character file.

Game seed: 12337659673381003012

4 AdnanSaban the Shield-Bearer (level 1, -2/14 HPs)
             Began as a Gargoyle Fighter on July 22, 2023.
             Slain by a kobold
             ... wielding a +0 whip
              (3 damage)
             ... on level 1 of the Dungeon.
             The game lasted 00:00:17 (42 turns).

AdnanSaban the Shield-Bearer (Gargoyle Fighter)       Turns: 42, Time: 00:00:17

Health: -2/14      AC:  9    Str: 19    XL:     1   Next: 70%
Magic:  1/1        EV:  9    Int:  8    God:
Gold:   0          SH:  4    Dex:  9    Spells: 0/0 levels left

rFire   . . .        a - +0 flail
rCold   . . .        c - +0 buckler
rNeg    + . .        b - +0 scale mail
rPois   ∞            (no helmet)
rElec   +            (no cloak)
rCorr   .            (no gloves)
SInv    .            (no boots)
Will    .....        (no amulet) Stlth
                     (no ring)
HPRegen 0.22/turn    (no ring)
MPRegen 0.07/turn

%: no passive effects
@: no status effects
A: sickness immunity, AC +2, negative energy resistance 1, electricity
resistance, torment resistance 1, petrification resistance
a: no special abilities


You were on level 1 of the Dungeon.
You visited 1 branch of the dungeon, and saw 1 of its levels.

Inventory:

Hand Weapons
 a - a +0 flail (weapon)
Armour
 b - a +0 scale mail (worn)
 c - a +0 buckler (worn)
Potions
 d - a potion of might


   Skills:
 + Level 3.4 Fighting
 + Level 2.0 Maces & Flails
 + Level 3.4 Armour
 + Level 3.4 Shields


You couldn't memorise any spells.
You didn't know any spells.
Your spell library was empty.

Dungeon Overview and Level Annotations

Branches:
Dungeon (1/15)

Altars:


Innate Abilities, Weirdness & Mutations

You are immune to sickness and miasma.
Your stone body is resilient. (AC +2)
You are immune to poison.
You resist negative energy. (rN+)
You are resistant to electric shocks. (rElec)
You are resistant to unholy torment.
You are immune to petrification.


Message History

You sock the endoplasm!
You kill the endoplasm!
A frilled lizard comes into view.
The frilled lizard hisses angrily.
A frilled lizard is nearby!
You are too injured to fight recklessly!
You are too injured to fight recklessly!
The frilled lizard bites you but does no damage.
You are too injured to fight recklessly!
You are too injured to fight recklessly!
You closely miss the frilled lizard. The frilled lizard barely misses you.
The frilled lizard bites you but does no damage.
You sock the frilled lizard!
You kill the frilled lizard!
A kobold comes into view. It is wielding a +0 whip.
Found a scroll labelled REMAODGHEPLINN.
The kobold shouts!
The kobold throws a stone.
The stone hits you but does no damage.
A hobgoblin comes into view.
You are too injured to fight recklessly!
You are too injured to fight recklessly!
A goblin comes into view. It is wielding a +0 dagger.
The kobold throws a stone.
The stone closely misses you.
You thump the hobgoblin!
You kill the hobgoblin!
The goblin hits you but does no damage. The goblin hits you with a +0 dagger.
You sock the goblin!
You kill the goblin!
You block the kobold's attack. The kobold hits you but does no damage.
You closely miss the kobold. The kobold hits you with a +0 whip.
* * * LOW HITPOINT WARNING * * *
You are too injured to fight recklessly!
The kobold hits you but does no damage.
You see here a +0 dagger.
The kobold attacks as you move away! The kobold hits you with a +0 whip.
* * * LOW HITPOINT WARNING * * *
Found 16 gold pieces.
The kobold attacks as you move away! The kobold hits you with a +0 whip.
You die...

#....###
#......###
#......... #
....... .##.#...
. # .....# ...
#..#.##...###....
#...............
###?##.K@.......
#####.)##...#..
##...#..# ....#
##§......# ...#
##~.♣.∩...# ..#
##~§§......# ..
####§~§.......##
$
#≈≈§§~§§∩......#
≈≈≈~~§§§........#


You could see a kobold.

Vanquished Creatures
  An endoplasm (D:1)
  A goblin (D:1)
  A hobgoblin (D:1)
  A frilled lizard (D:1)
4 creatures vanquished.

Notes
Turn   | Place    | Note
-------+----------+-------------------------------------------
     0 | D:1      | AdnanSaban the Gargoyle Fighter began the quest for the
                  | Orb.
     0 | D:1      | Reached XP level 1. HP: 14/14 MP: 1/1
    42 | D:1      | Slain by a kobold

Illustrated notes

Levels and vault maps discovered:
D:1:      tekkud_arrival_beachfront_property, layout_basic,
          palyth_stone_intersect, minivault_14, minmay_tall_x

Action                     || total
---------------------------++-------
  Melee: Flail             ||     7
 Armour: Scale mail        ||     6
  Dodge: Dodged            ||     2
  Block: Buckler           ||     1

Table legend: (Time is in decaauts)
 A = Elapsed time spent in this place.
 B = Non-inter-level travel time spent in this place.
 C = Inter-level travel time spent in this place.
 D = Time resting spent in this place.
 E = Time spent auto-exploring this place.
 F = Levels seen in this place.
 G = Mean time per level.
                   A        B        C        D        E       F      G
               +--------+--------+--------+--------+--------+-----+--------+
         Total |     44 |     44 |      0 |      0 |     13 |   1 |   44.0 |
       Dungeon |     44 |     44 |      0 |      0 |     13 |   1 |   44.0 |
               +--------+--------+--------+--------+--------+-----+--------+

Top non-repeatable levels by time:
     D:1: 44 daAuts
